General information
- name: BNet
- type: Ladder team game (AT/RT)
- host: Battle.net
- saver: .-_-.
map: Cherryville
- players: 8
- length: 32:40
- speed: Fast
- version: 1.28 W3XP
- replay type: Public
» download(234 KB)
Players
team 1 (loser)
pmltetimeslice (
green | 85 APM | 2033 actions | 23:58)
4 Blademaster
2 Wind Walk
2 Critical Strike
» actions
| Assign group hotkey | 33 | |
| Basic commands | 4 | |
| Build / train | 71 | |
| ESC pressed | 1 | |
| Enter build submenu | 15 | |
| Enter hero's abilities submenu | 5 | |
| Remove unit from queue | 5 | |
| Right click | 857 | |
| Select / deselect | 441 | |
| Select group hotkey | 471 | |
| Use ability | 130 | |
2033 total
» units
| Peon | 7 | |
| Raider | 17 | |
| Troll Batrider | 4 | |
28 total
» upgrades
| Melee Weapons | 3 | |
| Pillage | 1 | |
| Ensnare | 1 | |
| Liquid Fire | 1 | |
| Ranged Weapons | 3 | |
| Armor | 1 | |
| Spiked Barricades | 1 | |
11 total
» buildings
| Orc Burrow | 7 | |
| Altar of Storms | 1 | |
| Stronghold | 3 | |
| War Mill | 1 | |
| Beastiary | 2 | |
| Voodoo Lounge | 1 | |
| Fortress | 1 | |
| Watch Tower | 2 | |
18 total
» build order
00:08 Orc Burrow
00:14 Altar of Storms
01:45 Stronghold
01:45 Stronghold
01:46 Stronghold
02:19 Orc Burrow
02:42 War Mill
04:49 Beastiary
04:53 Beastiary
05:06 Orc Burrow
05:21 Orc Burrow
08:36 Orc Burrow
08:42 Orc Burrow
10:12 Voodoo Lounge
10:58 Fortress
23:14 Orc Burrow
23:17 Watch Tower
23:20 Watch Tower
» items
| Scroll of Speed | 5 | |
| Lesser Clarity Potion | 4 | |
| Healing Salve | 3 | |
| Scroll of Regeneration | 1 | |
| Scroll of Town Portal | 3 | |
| Potion of Healing | 1 | |
| Potion of Mana | 1 | |
18 total
iTKjerks0Rnoobs (
teal | 93 APM | 2519 actions | 27:04)
6 Death Knight
3 Death Coil
2 Unholy Aura
1 Animate Dead
5 Dark Ranger
2 Black Arrow
3 Silence
» actions
| Assign group hotkey | 144 | |
| Basic commands | 84 | |
| Build / train | 89 | |
| Enter build submenu | 26 | |
| Enter hero's abilities submenu | 12 | |
| Give item / drop item | 3 | |
| Right click | 913 | |
| Select / deselect | 384 | |
| Select group hotkey | 725 | |
| Use ability | 139 | |
2519 total
» units
| Acolyte | 14 | |
| Ghoul | 4 | |
| Crypt Fiend | 18 | |
| Obsidian Statue | 7 | |
43 total
» upgrades
| Web | 1 | |
| Creature Attack | 3 | |
| Burrow | 1 | |
| Destroyer Form | 1 | |
| Creature Carapace | 2 | |
8 total
» buildings
| Crypt | 2 | |
| Graveyard | 1 | |
| Ziggurat | 8 | |
| Altar of Darkness | 1 | |
| Halls of the Dead | 1 | |
| Tomb of Relics | 2 | |
| Black Citadel | 1 | |
| Necropolis | 2 | |
| Slaughterhouse | 2 | |
| Spirit Tower | 7 | |
| Nerubian Tower | 1 | |
28 total
» build order
00:11 Crypt
00:17 Graveyard
00:42 Ziggurat
01:02 Altar of Darkness
01:54 Ziggurat
04:20 Halls of the Dead
05:18 Ziggurat
05:33 Tomb of Relics
07:18 Black Citadel
07:41 Necropolis
07:50 Ziggurat
09:19 Crypt
10:11 Slaughterhouse
10:34 Necropolis
10:39 Slaughterhouse
10:41 Spirit Tower
10:43 Spirit Tower
10:45 Spirit Tower
11:44 Spirit Tower
12:03 Ziggurat
14:09 Spirit Tower
15:05 Ziggurat
16:42 Spirit Tower
19:17 Tomb of Relics
21:39 Ziggurat
22:31 Nerubian Tower
22:37 Ziggurat
24:37 Spirit Tower
» items
| Orb of Corruption | 1 | |
| Scroll of Regeneration | 1 | |
| Scroll of Town Portal | 7 | |
| Potion of Healing | 1 | |
| Healing Salve | 1 | |
11 total
HustleJunkie (
blue | 24 APM | 578 actions | 24:01)
3 Mountain King
2 Storm Bolt
1 Bash
1 Paladin
1 Holy Light
» actions
| Assign group hotkey | 9 | |
| Basic commands | 5 | |
| Build / train | 65 | |
| Enter build submenu | 24 | |
| Enter hero's abilities submenu | 4 | |
| Right click | 180 | |
| Select / deselect | 215 | |
| Select group hotkey | 28 | |
| Use ability | 47 | |
578 total
» units
| Peasant | 11 | |
| Rifleman | 16 | |
| Mortar Team | 6 | |
| Sorceress | 2 | |
| Priest | 1 | |
| Flying Machine | 14 | |
50 total
» upgrades
| Gunpowder | 1 | |
| Armor | 1 | |
| Long Rifles | 1 | |
| Flare | 1 | |
| Sorceress Training | 1 | |
5 total
» buildings
| Altar of Kings | 2 | |
| Farm | 11 | |
| Blacksmith | 1 | |
| Barracks | 1 | |
| Scout Tower | 1 | |
| Arcane Vault | 1 | |
| Arcane Tower | 1 | |
| Keep | 1 | |
| Arcane Sanctum | 1 | |
| Workshop | 1 | |
| Town Hall | 1 | |
| Castle | 1 | |
23 total
» build order
00:03 Altar of Kings
00:05 Farm
00:49 Blacksmith
01:40 Barracks
02:00 Farm
02:27 Farm
02:44 Farm
03:21 Farm
04:09 Scout Tower
04:13 Arcane Vault
04:45 Arcane Tower
05:36 Keep
05:54 Farm
06:42 Farm
08:25 Arcane Sanctum
08:41 Workshop
12:20 Farm
12:24 Farm
13:30 Town Hall
14:22 Farm
16:23 Castle
19:10 Farm
19:14 Altar of Kings
» items
MapHackBot2004 (
yellow | 25 APM | 825 actions | 32:38)
4 Blademaster
2 Wind Walk
2 Critical Strike
» actions
| Assign group hotkey | 4 | |
| Build / train | 59 | |
| ESC pressed | 1 | |
| Enter build submenu | 18 | |
| Enter hero's abilities submenu | 4 | |
| Give item / drop item | 4 | |
| Remove unit from queue | 4 | |
| Right click | 381 | |
| Select / deselect | 225 | |
| Select group hotkey | 14 | |
| Use ability | 111 | |
825 total
» units
» upgrades
| Ranged Weapons | 3 | |
| Liquid Fire | 1 | |
4 total
» buildings
| Altar of Storms | 2 | |
| Orc Burrow | 7 | |
| War Mill | 1 | |
| Voodoo Lounge | 2 | |
| Stronghold | 1 | |
| Beastiary | 3 | |
| Fortress | 1 | |
| Great Hall | 3 | |
20 total
» build order
00:09 Altar of Storms
00:23 Orc Burrow
00:44 War Mill
01:31 Orc Burrow
01:51 Voodoo Lounge
02:37 Stronghold
03:34 Orc Burrow
03:48 Orc Burrow
04:22 Orc Burrow
05:04 Beastiary
05:12 Beastiary
06:16 Beastiary
06:58 Fortress
16:42 Orc Burrow
21:34 Altar of Storms
21:39 Voodoo Lounge
24:13 Orc Burrow
27:02 Great Hall
28:17 Great Hall
31:36 Great Hall
» items
| Healing Salve | 1 | |
| Lesser Clarity Potion | 2 | |
| Boots of Speed | 1 | |
| Circlet of Nobility | 2 | |
| Staff of Teleportation | 1 | |
| Orb of Lightning | 1 | |
| Tiny Great Hall | 2 | |
| Potion of Healing | 2 | |
| Potion of Mana | 1 | |
13 total
team 2 (winner)

»
deadbeatdavid13 (
pink | 74 APM | 2418 actions | 32:39)
7 Mountain King
3 Storm Bolt
3 Bash
1 Avatar
4 Paladin
2 Holy Light
1 Divine Shield
1 Devotion Aura
6 Blood Mage
2 Banish
3 Flame Strike
1 Summon Phoenix
» actions
| Assign group hotkey | 62 | |
| Basic commands | 286 | |
| Build / train | 113 | |
| Enter build submenu | 31 | |
| Enter hero's abilities submenu | 17 | |
| Give item / drop item | 2 | |
| Right click | 1120 | |
| Select / deselect | 435 | |
| Select group hotkey | 226 | |
| Use ability | 126 | |
2418 total
» units
| Peasant | 17 | |
| Footman | 15 | |
| Gryphon Rider | 10 | |
42 total
» upgrades
| Swords | 4 | |
| Storm Hammers | 1 | |
| Animal War Training | 1 | |
| Armor | 2 | |
8 total
» buildings
| Altar of Kings | 1 | |
| Barracks | 1 | |
| Farm | 11 | |
| Scout Tower | 11 | |
| Arcane Tower | 1 | |
| Arcane Vault | 1 | |
| Lumber Mill | 1 | |
| Town Hall | 1 | |
| Guard Tower | 12 | |
| Keep | 2 | |
| Blacksmith | 1 | |
| Castle | 2 | |
| Gryphon Aviary | 2 | |
47 total
» build order
00:09 Altar of Kings
00:24 Barracks
00:37 Farm
00:58 Farm
01:39 Scout Tower
01:52 Farm
02:26 Arcane Tower
02:29 Arcane Vault
03:01 Farm
03:17 Lumber Mill
04:06 Town Hall
04:14 Scout Tower
04:20 Scout Tower
04:57 Guard Tower
04:57 Guard Tower
05:02 Farm
05:17 Guard Tower
05:18 Guard Tower
06:12 Scout Tower
06:15 Scout Tower
06:21 Keep
06:56 Blacksmith
07:05 Guard Tower
07:06 Guard Tower
07:07 Farm
08:15 Scout Tower
08:46 Castle
08:46 Castle
08:53 Guard Tower
09:07 Scout Tower
09:09 Scout Tower
09:12 Scout Tower
09:16 Scout Tower
10:11 Guard Tower
10:12 Guard Tower
10:17 Gryphon Aviary
10:47 Gryphon Aviary
13:39 Farm
13:41 Farm
14:24 Scout Tower
14:37 Farm
14:39 Farm
14:56 Guard Tower
14:56 Guard Tower
16:45 Farm
» items
| Scroll of Regeneration | 5 | |
| Scroll of Town Portal | 3 | |
| Staff of Sanctuary | 2 | |
| Orb of Fire | 1 | |
11 total
OLIM1 (
purple | 46 APM | 1503 actions | 32:39)
5 Blademaster
3 Wind Walk
2 Critical Strike
» actions
| Assign group hotkey | 12 | |
| Basic commands | 1 | |
| Build / train | 40 | |
| Enter build submenu | 17 | |
| Enter hero's abilities submenu | 5 | |
| Give item / drop item | 1 | |
| Remove unit from queue | 2 | |
| Right click | 746 | |
| Select / deselect | 190 | |
| Select group hotkey | 429 | |
| Use ability | 60 | |
1503 total
» units
| Peon | 7 | |
| Grunt | 3 | |
| Troll Headhunter/Berserker | 1 | |
| Wind Rider | 5 | |
| Raider | 1 | |
| Troll Batrider | 2 | |
19 total
» upgrades
| Armor | 1 | |
| Ranged Weapons | 2 | |
| Envenomed Spears | 1 | |
4 total
» buildings
| Altar of Storms | 1 | |
| Orc Burrow | 7 | |
| Barracks | 1 | |
| War Mill | 1 | |
| Voodoo Lounge | 1 | |
| Stronghold | 1 | |
| Beastiary | 2 | |
| Fortress | 1 | |
| Watch Tower | 2 | |
| Great Hall | 1 | |
18 total
» build order
00:14 Altar of Storms
00:18 Orc Burrow
00:45 Barracks
01:38 Orc Burrow
02:12 War Mill
02:39 Voodoo Lounge
03:24 Stronghold
05:47 Orc Burrow
06:00 Beastiary
06:03 Beastiary
06:45 Orc Burrow
07:44 Fortress
09:22 Watch Tower
09:27 Watch Tower
10:18 Orc Burrow
18:24 Great Hall
18:37 Orc Burrow
21:53 Orc Burrow
» items
| Healing Salve | 1 | |
| Boots of Speed | 1 | |
| Scroll of Town Portal | 1 | |
| Orb of Lightning | 1 | |
| Lesser Clarity Potion | 1 | |
| Potion of Lesser Invulnerability | 1 | |
| Scroll of Regeneration | 1 | |
7 total
RapDiablo (
red | 53 APM | 1730 actions | 32:39)
6 Mountain King
3 Storm Bolt
2 Thunder Clap
1 Avatar
3 Paladin
2 Holy Light
1 Divine Shield
» actions
| Build / train | 117 | |
| Enter build submenu | 26 | |
| Enter hero's abilities submenu | 9 | |
| Give item / drop item | 1 | |
| Remove unit from queue | 6 | |
| Right click | 606 | |
| Select / deselect | 877 | |
| Use ability | 86 | |
1730 total
» units
| Peasant | 27 | |
| Footman | 4 | |
| Rifleman | 21 | |
| Priest | 8 | |
| Siege Engine | 3 | |
63 total
» upgrades
| Gunpowder | 2 | |
| Long Rifles | 1 | |
| Lumber Harvesting | 1 | |
| Armor | 2 | |
| Priest Training | 2 | |
| Masonry | 1 | |
| Barrage | 1 | |
10 total
» buildings
| Altar of Kings | 1 | |
| Farm | 13 | |
| Barracks | 1 | |
| Lumber Mill | 1 | |
| Arcane Vault | 1 | |
| Blacksmith | 1 | |
| Keep | 4 | |
| Town Hall | 5 | |
| Castle | 3 | |
| Arcane Sanctum | 2 | |
| Scout Tower | 4 | |
| Arcane Tower | 3 | |
| Gryphon Aviary | 1 | |
| Workshop | 1 | |
41 total
» build order
00:10 Altar of Kings
00:15 Farm
00:44 Barracks
00:47 Farm
01:45 Lumber Mill
02:06 Arcane Vault
02:13 Farm
02:59 Farm
03:18 Blacksmith
03:42 Farm
03:49 Keep
03:49 Keep
04:33 Farm
05:14 Town Hall
08:18 Castle
08:21 Arcane Sanctum
08:26 Farm
08:27 Farm
08:28 Farm
09:38 Arcane Sanctum
10:37 Scout Tower
11:17 Arcane Tower
11:25 Gryphon Aviary
11:31 Scout Tower
12:01 Arcane Tower
14:18 Town Hall
14:43 Town Hall
16:22 Town Hall
18:33 Farm
18:34 Farm
18:34 Farm
18:36 Farm
18:41 Keep
21:02 Castle
21:22 Workshop
24:18 Town Hall
30:20 Scout Tower
30:59 Scout Tower
31:38 Arcane Tower
» items
| Scroll of Regeneration | 4 | |
| Lesser Clarity Potion | 2 | |
| Potion of Healing | 2 | |
| Scroll of Town Portal | 6 | |
| Dust of Appearance | 1 | |
| Orb of Fire | 2 | |
| Potion of Mana | 1 | |
18 total
.-_-. (
orange | 98 APM | 3199 actions | 32:40)
8 Archmage
3 Summon Water Elemental
3 Brilliance Aura
1 Mass Teleport
1 Blizzard
» actions
| Assign group hotkey | 47 | |
| Basic commands | 79 | |
| Build / train | 89 | |
| Enter build submenu | 46 | |
| Enter hero's abilities submenu | 8 | |
| Give item / drop item | 5 | |
| Right click | 1117 | |
| Select / deselect | 434 | |
| Select group hotkey | 1108 | |
| Use ability | 266 | |
3199 total
» units
| Peasant | 13 | |
| Footman | 5 | |
| Goblin Shredder | 1 | |
| Dragonhawk Rider | 10 | |
| Goblin Sapper | 5 | |
| Goblin Zeppelin | 2 | |
36 total
» upgrades
| Masonry | 3 | |
| Cloud | 1 | |
| Animal War Training | 1 | |
| Swords | 3 | |
| Armor | 3 | |
| Gunpowder | 3 | |
| Plating | 3 | |
| Storm Hammers | 1 | |
| Long Rifles | 1 | |
19 total
» buildings
| Altar of Kings | 1 | |
| Barracks | 1 | |
| Farm | 9 | |
| Scout Tower | 21 | |
| Arcane Tower | 2 | |
| Lumber Mill | 1 | |
| Arcane Vault | 1 | |
| Keep | 1 | |
| Town Hall | 3 | |
| Guard Tower | 8 | |
| Castle | 1 | |
| Gryphon Aviary | 4 | |
| Blacksmith | 2 | |
| Workshop | 2 | |
57 total
» build order
00:39 Altar of Kings
00:40 Barracks
00:51 Farm
00:52 Farm
01:05 Farm
01:06 Farm
02:06 Scout Tower
02:35 Arcane Tower
03:40 Lumber Mill
03:42 Arcane Vault
04:51 Keep
04:53 Town Hall
04:54 Scout Tower
04:56 Scout Tower
04:58 Scout Tower
04:59 Scout Tower
05:45 Guard Tower
05:46 Arcane Tower
05:59 Guard Tower
06:12 Guard Tower
06:17 Scout Tower
06:20 Scout Tower
06:24 Scout Tower
06:47 Farm
07:29 Guard Tower
07:31 Guard Tower
07:31 Castle
08:05 Scout Tower
08:05 Scout Tower
08:06 Scout Tower
08:07 Scout Tower
08:38 Guard Tower
09:16 Gryphon Aviary
09:19 Gryphon Aviary
10:04 Gryphon Aviary
10:19 Gryphon Aviary
10:25 Blacksmith
10:29 Blacksmith
11:12 Scout Tower
12:15 Guard Tower
13:24 Farm
13:25 Farm
13:27 Farm
13:31 Farm
22:52 Scout Tower
22:52 Scout Tower
22:53 Scout Tower
22:53 Scout Tower
22:53 Scout Tower
22:54 Scout Tower
22:54 Scout Tower
22:55 Scout Tower
27:17 Guard Tower
28:11 Town Hall
29:22 Town Hall
30:38 Workshop
30:39 Workshop
» items
| Scroll of Regeneration | 3 | |
| Mechanical Critter | 2 | |
| Dust of Appearance | 1 | |
| Staff of Sanctuary | 1 | |
| Scroll of Town Portal | 3 | |
| Potion of Healing | 2 | |
12 total
Chat log
(00:17 / Allies) RapDiablo: hi team
(00:19 / All) RapDiablo: glhf
(00:20 / Allies) OLIM1: yo
(00:35 / All) MapHackBot2004: ___MapHack Engaged
(00:50 / All) pmltetimeslice: i dont see anything
(00:51 / All) deadbeatdavid13: my cawk in ur mouth
(00:53 / All) deadbeatdavid13: engaged
(00:59 / All) pmltetimeslice: how come
(02:13 / All) .-_-.: JUST BEAT IT
(02:15 / All) .-_-.: BEAT IT
(02:18 / All) .-_-.: NO ONE WANTS TO BE DEFEATED
(04:20 / Allies) .-_-.: hit bm
(04:21 / Allies) .-_-.: purple
(08:37 / Allies) RapDiablo: hit
(10:00 / Allies) .-_-.: thanks bros
(11:04 / Allies) deadbeatdavid13: red its really not that hard
(11:05 / Allies) deadbeatdavid13: u get one tower
(11:07 / Allies) deadbeatdavid13: and ur good
(11:08 / Allies) RapDiablo: lol sorry
(11:48 / Allies) RapDiablo: lets hi
(11:49 / Allies) RapDiablo: hit
(12:56 / Allies) .-_-.: more repair
(12:57 / Allies) .-_-.: more preair
(12:59 / Allies) .-_-.: more repair
(13:15 / Allies) .-_-.: hit
(13:58 / Allies) OLIM1: units
(14:11 / Allies) RapDiablo: lol hate those bats
(14:12 / Allies) RapDiablo: ty
(15:14 / Allies) .-_-.: we need aa for bats or ground range
(18:19 / Allies) .-_-.: who want gold
(18:23 / Allies) RapDiablo: me
(18:27 / Allies) OLIM1: me
(18:37 / Allies) RapDiablo: ty
(18:40 / Allies) OLIM1: ty
(19:03 / Allies) .-_-.: hit yyellow quick
(19:10 / Allies) .-_-.: hall and hit yellow
(19:14 / Allies) .-_-.: hall blue hit yellow
(19:54 / Allies) RapDiablo: tp?
(19:58 / Allies) .-_-.: pink tp there
(19:59 / Allies) .-_-.: I got this
(20:18 / Allies) RapDiablo: i tp
(20:51 / All) .-_-.: BEAT IT
(20:52 / All) .-_-.: BEAT IT
(20:55 / All) .-_-.: NO ONE WANTS OT BE DEFEATED
(21:32 / Allies) RapDiablo: stay together
(22:14 / Allies) .-_-.: I'll tp on you purp
(22:19 / Allies) .-_-.: or red
(23:36 / Allies) deadbeatdavid13: omw
(23:38 / Allies) deadbeatdavid13: stay
(24:04 / Allies) RapDiablo: ty
(24:28 / All) .-_-.: BEAT IT
(24:29 / All) .-_-.: BEAT IT
(24:31 / All) .-_-.: NO ONE WANTS TO BE DEFEATED
(27:02 / All) .-_-.: BEAT IT
(27:03 / All) .-_-.: BEAT IT
(27:06 / All) .-_-.: NO ONE WANTS TO BE DEFETAED
(29:27 / All) .-_-.: JUST BEAT IT
(29:28 / All) .-_-.: BEAT IT
(29:31 / All) .-_-.: NO ONE WANTS TO BE DEFEATED
(30:07 / All) .-_-.: I used goblin reveal on yellow bm earlier
(30:10 / All) .-_-.: when I had a dust in my inventory
(30:15 / All) .-_-.: could have killed his bm if used dust lol
(31:34 / Allies) RapDiablo: lol
(31:38 / All) .-_-.: gg wp *snickers*